 Dungeon Crawl Stone Soup version 0.27.0-1-g7a08968 (webtiles) character file.

Game seed: 9707673688122382361

204 GeorgeSoros the Skirmisher (level 5, -2/37 HPs)
             Began as a Mummy Fighter on Aug 12, 2021.
             Was a Believer of Hepliaklqana.
             Slain by an ogre (27 damage)
             ... on level 4 of the Dungeon.
             The game lasted 00:06:47 (3247 turns).

GeorgeSoros the Skirmisher (Mummy Fighter)          Turns: 3247, Time: 00:06:48

Health: -2/37      AC:  6    Str: 20    XL:     5   Next: 52%
Magic:  5/5        EV:  7    Int:  7    God:    Hepliaklqana [**....]
Gold:   144        SH: 10    Dex: 12    Spells: 4/4 levels left

rFire    x . .     SeeInvis .   a - +1 war axe
rCold    + . .     Faith    .   c - +1 kite shield
rNeg     + + +     Spirit   .   b - +0 scale mail
rPois    ∞         Reflect  .   (no helmet)
rElec    .         Harm     .   (no cloak)
rCorr    +         Rampage  .   (no gloves)
Will     .....                  (no boots)
Stlth    ..........             (no amulet)
HPRegen  0.12/turn              l - ring of resist corrosion
MPRegen  0.09/turn              (no ring)

@: no status effects
A: reduced essence, cold resistance 1, negative energy resistance 3, torment
resistance 2, heat vulnerability 1, no potions
a: Renounce Religion, Recall Ancestor, Ancestor Identity


You were on level 4 of the Dungeon.
You worshipped Hepliaklqana.
Hepliaklqana was pleased with you.
You visited 1 branch of the dungeon, and saw 4 of its levels.

You collected 144 gold pieces.

Inventory:

Hand Weapons
 a - a +1 war axe (weapon)
 j - a +2 spear of pain
Armour
 b - a +0 scale mail (worn)
 c - a +1 kite shield (worn)
Jewellery
 l - a ring of resist corrosion (left hand)
Scrolls
 d - a scroll of teleportation
 f - a scroll of amnesia
 h - 2 scrolls of torment
 k - 2 scrolls of enchant weapon


   Skills:
 + Level 4.0 Fighting
 + Level 2.7 Axes
 + Level 3.3 Armour
 + Level 3.3 Shields


You had 4 spell levels left.
You didn't know any spells.
Your spell library contained the following spells:

 Spells                   Type           Power      Damage    Failure   Level
 Ensorcelled Hibernation  Hex/Ice        0%         N/A       100%        2
 Conjure Flame            Conj/Fire      0%         6-21      100%        3
 Ignite Poison            Fire/Tmut/Pois 0%         N/A       100%        3
 Summon Guardian Golem    Hex/Summ       0%         N/A       100%        3
 Sticky Flame             Conj/Fire      0%         2d3       100%        4
 Shadow Creatures         Summ           N/A        N/A       100%        6
 Orb of Destruction       Conj           0%         N/A       100%        7
 Spellforged Servitor     Conj/Summ      0%         N/A       100%        7
 Spider Form              Tmut/Pois      Unusable   N/A       N/A         3

Dungeon Overview and Level Annotations

Branches:
Dungeon (4/15)
 Temple: D:4-7

Altars:
Hepliaklqana


Innate Abilities, Weirdness & Mutations

Your life essence is reduced to manifest your ancestor. (-10% HP)
You are immune to poison.
Your flesh is cold resistant. (rC+)
You are immune to negative energy. (rN+++)
You are immune to unholy pain and torment.
You are vulnerable to heat. (rF-)
You do not drink.


Message History

g - a scroll labelled LUXEOXZOQE
As you read the scroll labelled LUXEOXZOQE, it crumbles to dust.
You feel aware of your surroundings.
You sensed 1 altar.
It was a scroll of magic mapping.
As you read the scroll labelled ZAMIERHUPOE, it crumbles to dust.
You hear a loud clanging noise!
It was a scroll of noise.
You hear a bark!
You hear an angry hiss.
You hear a shout!
You hear an angry hiss.
You hear a shout! x4
A ball python comes into view.
The ball python hisses angrily.
You slash the ball python!
You kill the ball python!
An ogre comes into view. It is wielding a +0 giant spiked club.
An ogre is nearby!
What are your orders? t - Shout!
Orders for allies: a - Attack new target. r - Retreat! s - Stop attacking. g - Guard the area. f - Follow me.
Anything else - Cancel.
Gang up on whom?
Press: ? - help, Dir - move target, f - ogre
Aim: an ogre, wielding a +0 giant spiked club (ally target) Attack!
The ogre hits Henutmehyt with a +0 giant spiked club!!
Henutmehyt is destroyed!
You see here a scroll of teleportation.
You slash the ogre!
The ogre is heavily wounded.
The ogre completely misses you.
The ogre hits you with a +0 giant spiked club!
You hit the ogre.
The ogre is heavily wounded.
You block the ogre's attack.
You hit the ogre.
The ogre is severely wounded.
The ogre hits you with a +0 giant spiked club!!
Ouch! That really hurt!
You die...

##.###...............*
#...#...............##
#.....................
#.................#.#.
##........#......##... *
####..#...........#†##..# **
*###.....#......#....#...... ,*
**.................†......... ,*
*,.........?@O###.#†[......†. ,*
**..................#........ ,*
*##.............##.#......## ,*
***#.................#...#...#
,***,,..........................#
,,,,,,......................#..##
*,,,,,.....................###..*
,,,,,,.....................#,....
,,,,,,,,,,,,,,,,,,,,,,,,..,,,#.,,


You could see an ogre.

Vanquished Creatures
  A water moccasin zombie (D:3)
  An orc priest (D:3)
  2 adders
  2 worms
  An orc (D:3)
  3 endoplasms
  3 giant cockroaches (D:1)
  6 goblins
  5 hobgoblins
  8 jackals
  A quokka (D:3)
  9 ball pythons
  6 bats
  2 frilled lizards
  4 kobolds
  11 rats
65 creatures vanquished.

Vanquished Creatures (collateral kills)
  2 worms (D:3)
  3 orcs (D:3)
  An endoplasm (D:1)
  4 jackals
  A quokka (D:2)
  5 ball pythons
  A bat (D:3)
  5 kobolds
22 creatures vanquished.

Vanquished Creatures (others)
  A battlemage (D:4)
  An ancestor (D:2)
2 creatures vanquished.

Grand Total: 89 creatures vanquished

Notes
Turn   | Place    | Note
-------+----------+-------------------------------------------
     0 | D:1      | GeorgeSoros the Mummy Fighter began the quest for the Orb.
     0 | D:1      | Reached XP level 1. HP: 18/18 MP: 1/1
   121 | D:1      | Reached XP level 2. HP: 24/24 MP: 2/2
   474 | D:1      | Found a faded altar of an unknown god.
   486 | D:1      | Became a worshipper of Hepliaklqana the Forgotten
   486 | D:1      | Reached * piety under Hepliaklqana
  1013 | D:1      | Reached XP level 3. HP: 26/26 MP: 3/3
  1687 | D:2      | Reached ** piety under Hepliaklqana
  1839 | D:2      | Remembered your ancestor Henutmehyt as a battlemage
  2064 | D:2      | Reached XP level 4. HP: 31/31 MP: 4/4
  2420 | D:3      | Found a hazy altar of Hepliaklqana.
  2918 | D:3      | Reached skill level 4 in Fighting
  2918 | D:3      | Reached XP level 5. HP: 31/37 MP: 5/5
  3240 | D:4      | Noticed an ogre
  3247 | D:4      | Slain by an ogre

Illustrated notes

Levels and vault maps discovered:
D:1:      heliophobic_arrival_dark_side_of_the_moon, layout_basic,
          ebering_ecumenical_altar_abandoned, minmay_rat_gold_closets
D:2:      layout_basic
D:3:      layout_loops_ring, nzn_hepliaklqana_mist_gate
D:4:      layout_cave_pools, ashenzari_conservatory_becter

Skill      XL: |  1  2  3  4 |
---------------+-------------+-----
Axes           | 2 |  2.7
Armour         | 3 |  3.3
Shields        | 3 |  3.3
Fighting       | 4 |  4.0

Action                   |  1- 3 |  4- 6 || total
-------------------------+-------+-------++-------
Melee: War axe           |   125 |    51 ||   176
Invok: Ancestor Life: Ba |     1 |       ||     1
  Use: Scroll            |       |     9 ||     9
Armor: Scale mail        |    59 |    24 ||    83
Dodge: Dodged            |    37 |    16 ||    53
Block: Kite shield       |    67 |    38 ||   105
